 Dungeon Crawl Stone Soup version 0.31-a0-229-g1fc7ce93e2 (webtiles) character file.

Game seed: 2154178333756459040

43 qw the Shooter (level 3, 0/21 HPs)
             Began as a Gargoyle Hexslinger on July 6, 2023.
             Slain by a ball python (2 damage)
             ... on level 2 of the Dungeon.
             The game lasted 00:00:23 (968 turns).

qw the Shooter (Gargoyle Hexslinger)                 Turns: 968, Time: 00:00:24

Health: 0/21       AC:  9    Str: 11    XL:     3   Next: 58%
Magic:  4/4        EV:  7    Int: 13    God:
Gold:   58         SH:  0    Dex: 14    Spells: 3/4 levels left

rFire   . . .        Y - +1 sling
rCold   . . .        (no shield)
rNeg    + . .        e - +0 ring mail
rPois   inf          (no helmet)
rElec   +            (no cloak)
rCorr   .            j - +0 pair of gloves
SInv    .            (no boots)
Will    .....        (no amulet)
Stlth   +            (no ring)
HPRegen 0.23/turn    (no ring)
MPRegen 0.09/turn

%: no passive effects
@: constricted
A: sickness immunity, AC +3, negative energy resistance 1, electricity
resistance, torment resistance 1, petrification resistance
a: no special abilities


You were on level 2 of the Dungeon.
You visited 1 branch of the dungeon, and saw 2 of its levels.

You collected 58 gold pieces.


Innate Abilities, Weirdness & Mutations

You are immune to sickness and miasma.
Your stone body is resilient. (AC +3)
You are immune to poison.
You resist negative energy. (rN+)
You are resistant to electric shocks. (rElec)
You are resistant to unholy torment.
You are immune to petrification.


   Skills:
 - Level 2.0 Fighting
 + Level 3.2 Ranged Weapons
 - Level 1.0 Armour
 - Level 1.5 Dodging
 - Level 1.0 Spellcasting
 - Level 2.6 Hexes


You had 3 spell levels left.
You knew the following spells:

 Your Spells              Type           Power      Damage    Failure   Level
a - Slow                  Hex            28%        N/A       22%         1

Your spell library contained the following spells:

 Spells                   Type           Power      Damage    Failure   Level
 Inner Flame              Hex/Fire       4%         N/A       75%         3
 Portal Projectile        Hex/Tloc       8%         N/A       75%         3
 Cause Fear               Hex            3%         N/A       91%         4

Inventory:

Hand Weapons
 Y - a +1 sling (weapon)
Armour
 e - a +0 ring mail (worn)
 j - a +0 pair of gloves (worn)
Scrolls
 a - a scroll of butterflies {unknown}
Potions
 f - a potion of curing
 g - a potion of lignification {unknown}
 h - a potion of might {unknown}
 k - a potion of enlightenment {unknown}

Dungeon Overview and Level Annotations

Branches:
Dungeon (2/15)

Altars:


Message History

The dart slug launches a dart at you. The slug dart hits you.
You shoot a sling bullet.
The sling bullet barely misses the ball python.
The ball python bites you but does no damage.
The ball python constricts you. The dart slug launches a dart at you.
The slug dart hits you. The ball python bites you.
The ball python constricts you.
You shoot a sling bullet.
The sling bullet closely misses the ball python.
The ball python bites you but does no damage.
The ball python constricts you. The dart slug launches a dart at you.
The slug dart hits you.
A frilled lizard comes into view.
The ball python bites you but does no damage.
The ball python constricts you.
You shoot a sling bullet.
The sling bullet barely misses the ball python.
The sling bullet barely misses the frilled lizard.
The frilled lizard hisses angrily.
The ball python closely misses you. The ball python constricts you.
The dart slug launches a dart at you. The slug dart hits you.
You shoot a sling bullet.
The sling bullet closely misses the ball python.
The sling bullet hits the frilled lizard!
You kill the frilled lizard!
The ball python bites you but does no damage.
The ball python constricts you. The ball python closely misses you.
The ball python constricts you.
You shoot a sling bullet. The sling bullet hits the ball python.
The ball python is severely wounded.
The ball python bites you. The ball python constricts you.
A rat comes into view.
The dart slug launches a dart at you.
The slug dart hits you but does no damage.
The ball python bites you.
You die...

## ...#..... ..........
.#..>...## #.........
#........# ##.........
..........# #..........
..........# #..#.......
..........# #)........r
.......>..# #..........
..).......####..@S......
.............#..........
........>..#.)..........
............####...w....
..........#.# #.#......
..........#.####.######.
..............##.#
#........##.....$.
##......####..)#


You could see a dart slug, a ball python and a rat (wandering).

Vanquished Creatures
  2 worms
  3 dart slugs
  3 ball pythons
  4 endoplasms
  2 goblins
  4 hobgoblins
  3 jackals (D:1)
  2 quokkas
  A bat (D:1)
  A frilled lizard (D:2)
  3 kobolds (D:2)
28 creatures vanquished.

Notes
Turn   | Place    | Note
-------+----------+-------------------------------------------
     0 | D:1      | qw the Gargoyle Hexslinger began the quest for the Orb.
     0 | D:1      | Reached XP level 1. HP: 12/12 MP: 2/2
     0 | D:1      | 0 ||| qw: Version: 0.3-a-46-gb1f654a
     0 | D:1      | 0 ||| qw: Game counter: 1220
     0 | D:1      | 0 ||| qw: Melee chars always use a shield: true
     0 | D:1      | 0 ||| qw: God list: Okawaru
     0 | D:1      | 0 ||| qw: Allow faded altars: false
     0 | D:1      | 0 ||| qw: Do Orc after clearing Dungeon:15 true
     0 | D:1      | 0 ||| qw: Do second Lair branch before Depths: true
     0 | D:1      | 0 ||| qw: Lair rune preference: random
     0 | D:1      | 0 ||| qw: Goals: Normal
     0 | D:1      | 0 ||| PLANNING D:1-11
   320 | D:1      | Reached XP level 2. HP: 9/16 MP: 3/3
   386 | D:1      | Reached skill level 3 in Ranged Weapons
   764 | D:1      | 764 ||| UPGRADING to +0 ring mail.
   774 | D:1      | 774 ||| DROPPING +0 robe.
   775 | D:1      | 775 ||| UPGRADING to +0 pair of gloves.
   780 | D:1      | 780 ||| READING scroll labelled COETITTIAJY.
   781 | D:1      | 781 ||| READING scroll labelled ZUD FAODOSE.
   782 | D:1      | 782 ||| DRINKING 2 murky red potions.
   783 | D:1      | 783 ||| DROPPING scroll of poison.
   809 | D:2      | Reached XP level 3. HP: 20/21 MP: 4/4
   813 | D:2      | 813 ||| STAIRDANCE
   901 | D:2      | Reached skill level 1 in Armour
   966 | D:2      | HP: 3/21 [dart slug/slug dart (3)]
   968 | D:2      | Slain by a ball python

Levels and vault maps discovered:
D:1:      ncdulo_lavacross, layout_loops_ring
D:2:      layout_rooms, basic_altar, serial_shops, nicolae_shop_mannequins,
          shapermc_ecumenical_altar_mp_highgroup

Skill      XL: |  1  2  3 |
---------------+----------+-----
Ranged Weapons | 3 |  3.2
Fighting       | 2 |  2.0
Armour         | 1 |  1.0
Dodging        | |  1.5
Spellcasting   | |  1.0
Hexes          | |  2.6

Action                     || total
---------------------------++-------
   Fire: Sling             ||   104
    Use: Scroll            ||     2
         Potion            ||     1
 Armour: Robe              ||     6
         Ring mail         ||    22
  Dodge: Dodged            ||    33

Table legend:
 A = Non-vault XP
 B = Vault XP
 C = Vault XP percentage of total XP
 D = Non-vault monster count
 E = Vault monster count
 F = Vault count percentage of total count
                 A         B        C        D         E       F
            +---------+---------+-------+---------+---------+-------
      Total |      62 |       0 |   0.0 |      28 |       0 |   0.0
            +---------+---------+-------+---------+---------+-------
        D:1 |      34 |       0 |   0.0 |      14 |       0 |   0.0
        D:2 |      28 |       0 |   0.0 |      14 |       0 |   0.0
            +---------+---------+-------+---------+---------+-------
